Map: Ruines de Seras

Players

Faith

  • Race: Zerg Zerg
  • League: Master

VPBenQlRev - Winner!

  • Race: Terran Terran
  • League: Diamond

VOD

Have the link to the VOD?

Description

Time

  • Played on: Jan. 24, 2016, 4:07 a.m.
  • Length: 6:46
Show
View Real Time Build Order
Export as new Build Order

Faith Zerg 

Build Orders: Hatch First 

Get SALT Encoding   

  12  0:01  Drone  
  13  0:13  Overlord  
  13  0:17  Drone  
  14  0:31  Drone x2  
  16  0:35  Drone  
  17  0:55  Hatchery  
  16  0:57  Drone  
  16  1:01  Drone  
  18  1:16  Spawning Pool  
  18  1:17  Extractor  
  16  1:20  Drone  
  16  1:24  Drone  
  19  1:32  Drone  
  19  1:40  Overlord  
  19  1:50  Drone  
  20  2:02  Queen  
  20  2:03  Zergling x2  
  20  2:07  Queen  
  20  2:08  Zergling x2  
  26  2:12  Drone  
  27  2:18  Drone  
  28  2:24  Zergling x2  
  28  2:29  Metabolic Boost  
  29  2:31  Drone  
  30  2:38  Drone  
  31  2:45  Overlord  
  31  2:47  Queen  
  31  2:49  Drone  
  34  2:51  Drone  
  34  2:57  Drone  
  36  3:19  Drone x4  
  40  3:21  Hatchery  
  39  3:28  Drone x4  
  39  3:30  Extractor  
  42  3:36  Roach Warren  
  42  3:40  Overlord  
  41  3:46  Drone x2  
  43  3:48  Drone  
  44  3:59  Overlord  
  44  4:01  Drone x5  
  49  4:03  Drone  
  50  4:11  Drone  
  51  4:18  Roach x4  
  51  4:23  Drone, Extractor  
  59  4:29  Overlord x2  
  59  4:35  Spore Crawler  
  59  4:36  Spore Crawler  
  59  4:37  Drone  
  58  4:43  Evolution Chamber, Drone x5  
  62  4:47  Ravager x4  
  66  4:53  Drone x3  
  66  4:55  Drone  
  70  5:03  Lair  
  70  5:06  Drone x3, Extractor  
  72  5:07  Drone  
  73  5:15  Spore Crawler  
  73  5:18  Drone x3  
  75  5:23  Drone x4  
  79  5:29  Drone x3  
  79  5:31  Overlord  
  82  5:46  Roach x2  
  82  5:47  Roach  
  82  5:56  Roach x8  
  89  6:03  Roach  
  89  6:10  Queen  
  84  6:21  Zergling x14  
  79  6:30  Spine Crawler  
  79  6:31  Spine Crawler x2  
  70  6:33  Spine Crawler  
  70  6:34  Spine Crawler x2  
  70  6:35  Spine Crawler  
  70  6:37  Roach Warren  
Show
View Real Time Build Order
Export as new Build Order

VPBenQlRev Terran - Winner!

Build Orders: Reaper Expand 

Get SALT Encoding   

  12  0:01  SCV  
  13  0:13  SCV  
  14  0:18  Supply Depot  
  14  0:25  SCV  
  15  0:35  Refinery  
  15  0:40  SCV  
  16  0:46  Barracks  
  16  0:52  SCV  
  17  1:04  SCV  
  18  1:16  SCV  
  19  1:37  Reaper, Orbital Command  
  20  1:46  Command Center  
  20  1:54  Supply Depot  
  20  2:06  Factory  
  20  2:10  SCV  
  21  2:16  Refinery  
  21  2:18  Barracks Reactor  
  21  2:22  SCV  
  22  2:30  Supply Depot  
  22  2:38  SCV  
  23  2:50  SCV  
  24  2:51  Barracks  
  24  3:01  Hellion x2  
  28  3:07  Ghost Academy  
  28  3:16  Orbital Command  
  28  3:21  Barracks Tech Lab  
  28  3:24  SCV  
  29  3:36  SCV  
  30  3:43  Barracks Tech Lab  
  30  3:46  Ghost  
  33  3:48  SCV  
  33  3:52  Hellion  
  33  3:54  SCV  
  36  3:57  Hellion  
  38  4:03  Ghost  
  38  4:08  SCV x2  
  42  4:17  Supply Depot  
  42  4:20  SCV x2  
  44  4:25  Ghost  
  46  4:32  Ghost  
  46  4:38  Hellion  
  50  4:43  Armory  
  50  4:55  Hellion  
  50  4:59  Hellion, Ghost  
  54  5:04  Supply Depot  
  56  5:09  Ghost  
  58  5:16  Hellion  
  58  5:20  Hellion  
  62  5:28  Supply Depot  
  62  5:31  Ghost  
  64  5:38  Hellion  
  64  5:39  Ghost  
  64  5:42  Hellion  
  69  5:59  Hellion  
  69  6:03  Hellion, Ghost  
  75  6:09  Supply Depot  
  75  6:20  Hellion  
  75  6:24  Hellion  
Tags
 
Add a new tag
Caveats
  • Supply blocks, unpowered buildings, or Contaminate may cause inaccurate times.
  • Supply counts are checked every 10 seconds.